 Dungeon Crawl Stone Soup version 0.21-a0-621-gc60411f (webtiles) character file.

7 tidbits the Scratcher (level 1, 9/9 HPs)
             Began as a Felid Transmuter on Dec 23, 2017.
             Quit the game on level 1 of the Dungeon.
             The game lasted 00:01:25 (217 turns).

tidbits the Scratcher (Felid Transmuter)             Turns: 217, Time: 00:01:26

Health: 9/9        AC:  1    Str:  6    XL:     1   Next: 91%
Magic:  4/4        EV: 18    Int: 14    God:
Gold:   26         SH:  0    Dex: 16    Spells: 3/4 levels left
                                        Lives:  0   Deaths: 0

rFire    . . .     SeeInvis +     - Unarmed
rCold    . . .     Gourm    .   (shield unavailable)
rNeg     . . .     Faith    .   (armour unavailable)
rPois    .         Spirit   .   (helmet unavailable)
rElec    .         Reflect  .   (cloak unavailable)
rCorr    .         Harm     .   (gloves unavailable)
MR       .....                  (boots unavailable)
Stlth    ++........             g - amulet of inaccuracy (curse)
HPRegen  0.03/turn              (no ring)
MPRegen  0.09/turn              (no ring)

@: very slightly contaminated, quick
A: very small, no armour, no weapons or thrown items, stealth, claws 1, fangs 3,
see invisible, carnivore, speed 1, shaggy fur 1, slow metabolism 1, sharp paws
a: no special abilities


You were on level 1 of the Dungeon.
You were not hungry.

You visited 1 branch of the dungeon, and saw 1 of its levels.

You collected 26 gold pieces.

Inventory:

Missiles
 a - 12 arrows
Jewellery
 g - a cursed amulet of inaccuracy (around neck)
   (You found it on level 1 of the Dungeon)
Scrolls
 e - 2 scrolls of blinking
Books
 b - a book of Changes

   Spells                             Type                      Level
   a - Beastly Appendage              Transmutation                1
   b - Sticks to Snakes               Transmutation                2
   c - Spider Form                    Transmutation/Poison         3
   d - Ice Form                       Ice/Transmutation            4
   e - Blade Hands                    Transmutation                5
Comestibles
 c - 2 rations


   Skills:
 - Level 1.0 Fighting
 - Level 2.7 Dodging
 + Level 1.9 Stealth
 - Level 3.0 Unarmed Combat
 - Level 2.0 Spellcasting
 - Level 2.2 Transmutations


You had 3 spell levels left.
You knew the following spells:

 Your Spells              Type           Power        Failure   Level  Hunger
e - Beastly Appendage     Tmut           #.....       10%         1    ##.....


Dungeon Overview and Level Annotations

Branches:
Dungeon (1/15)

Altars:
The Shining One


Innate Abilities, Weirdness & Mutations

You cannot wear armour.
You are incapable of wielding weapons or throwing items.
Your paws allow you to move quietly. (Stealth)
You have sharp claws.
You have razor-sharp teeth.
You have supernaturally acute eyesight. (SInv)
You are carnivorous and can eat meat at any time.
You cover ground quickly.
You are covered in fur. (AC +1)
You have a slow metabolism.
Your sharp claws are effective at attacking unaware monsters.


Message History

The goblin misses you.
You scratch the goblin.
You kill the goblin!
d - a scroll labeled OPHUKEATAI Your horns disappear.
A hobgoblin comes into view. It is wielding a club.
You see here 3 scrolls labeled PEINOM WIENNEZ.
You pounce on the unaware helpless hobgoblin!
You scratch the hobgoblin.
You kill the hobgoblin!
e - 3 scrolls labeled PEINOM WIENNEZ
Things that are here:
a club; a hobgoblin corpse
Found 11 gold pieces.
You now have 20 gold pieces (gained 11).
Found an escape hatch in the floor.
Found 5 gold pieces.
Found a runed spear.
Found a glowing golden altar of the Shining One.
A hobgoblin comes into view.
The hobgoblin shouts!
Press: ? - help, . - travel You can't see that place. [a glowing golden altar of the Shining One.]
Casting: Beastly Appendage
Confirm with . or Enter, or press ? or * to list all spells.
You grow a pair of large bovine horns.
You barely miss the hobgoblin. The hobgoblin misses you.
You scratch the hobgoblin.
The hobgoblin is severely wounded.
The hobgoblin misses you.
You closely miss the hobgoblin. Your headbutt misses the hobgoblin.
The hobgoblin is severely wounded.
Your transformation is almost over.
The hobgoblin hits you but does no damage.
You closely miss the hobgoblin. You headbutt the hobgoblin.
You kill the hobgoblin!
You see here a hobgoblin corpse.
Your horns disappear.
A goblin comes into view.
The helpless goblin fails to defend itself.
You scratch the goblin.
You kill the goblin!
Your Stealth skill increases to level 1!
Found a scroll labeled RUFAL LAAWUTE.
Found 4 poisoned tomahawks.
Found 6 gold pieces.
f - a scroll labeled RUFAL LAAWUTE You see here 4 poisoned tomahawks.
g - 4 poisoned tomahawks You drop 4 poisoned tomahawks.
You now have 26 gold pieces (gained 6).
You enter a teleport trap!
The teleport trap disappears.
Your surroundings suddenly seem different.
Things that are here:
a club; a hobgoblin corpse A rat comes into view.
The rat twitches its whiskers.
Found a small fluorescent amulet.
Casting: Beastly Appendage
Confirm with . or Enter, or press ? or * to list all spells.
You grow a pair of large bovine horns.
The rat misses you.
You barely miss the rat. You headbutt the rat, but do no damage.
The rat misses you.
You closely miss the rat. The rat bites you but does no damage.
You closely miss the rat. You headbutt the rat.
The rat is severely wounded.
The rat misses you.
You barely miss the rat. You headbutt the rat.
You kill the rat!
Your transformation is almost over.
g - a small fluorescent amulet Put on which piece of jewellery? (? for menu, Esc to quit)
Oops, that amulet feels deathly cold.
g - a cursed amulet of inaccuracy (around neck)
Found a ration.
A hobgoblin comes into view. It is wielding a club.
You see here a ration.
The helpless hobgoblin fails to defend itself.
You claw the hobgoblin!
You kill the hobgoblin!
c - 2 rations (gained 1)
Your horns disappear.
Things that are here:
a club; a hobgoblin corpse Blink to where?
Press: ? - help, Dir - move target cursor You are very lightly contaminated with residual magic.
As you read the scroll labeled PEINOM WIENNEZ, it crumbles to dust.
It was a scroll of blinking.
Found a hunting sling.
As you read the scroll labeled OPHUKEATAI, it crumbles to dust.
It is a scroll of enchant armour.
You aren't carrying any armour which can be enchanted further.
As you read the scroll labeled RUFAL LAAWUTE, it crumbles to dust.
It is a scroll of amnesia.
Okay, then.
Unknown command.
You see here a hunting sling.
Are you sure you want to abandon this character and quit the game? (Confirm with "yes".)

#.# #.#
####.########.#
####.............#
.....##.#######(.#
..#####.# #.....#
#.......# #.###..#
##..##### #. #..#
.##..### #.###..#
..##...### #...#@#
.. ###...# ##.##.#
..##.....## #.##.#
.+#.......# #.##.#
##..#####.# #.##.#
#...# #.# #.##.#
..#.# #.# #.##.#
.##.# #.# #.##.# #
#.#####.# #.##.#


There were no monsters in sight!

Vanquished Creatures
  2 goblins (D:1)
  3 hobgoblins (D:1)
  A rat (D:1)
6 creatures vanquished.

Notes
Turn   | Place    | Note
-------+----------+-------------------------------------------
     0 | D:1      | tidbits the Felid Transmuter began the quest for the Orb.
     0 | D:1      | Reached XP level 1. HP: 9/9 MP: 4/4
    54 | D:1      | Found a glowing golden altar of the Shining One.
    96 | D:1      | Reached skill level 1 in Stealth
   217 | D:1      | Quit the game

Vault maps used:
D:1:      roderic_crop_circles_arrival_large, tso_metal_star

Skill      XL: |  1 |
---------------+----+-----
Stealth        | 1 |  1.9
Fighting       | |  1.0
Dodging        | |  2.7
Unarmed Combat | |  3.0
Spellcasting   | |  2.0
Transmutations | |  2.2

Action                   || total
-------------------------++-------
Melee: Unarmed           ||    13
       Headbutt          ||     4
 Cast: Beastly Appendage ||     3
  Use: Scroll            ||     3
 Stab: Sleeping          ||     3
Armor: Skin              ||     2
Dodge: Dodged            ||     6

Table legend:
 A = Spawn XP
 B = Non-spawn XP
 C = Spawn XP percentage of total XP
 D = Spawn monster count
 E = Non-spawn monster count
 F = Spawn count percentage of total count
 G = Total turns spent on level
                    A         B        C        D         E        F      G
               +---------+---------+-------+---------+---------+-------+---------
         Total |       0 |      11 |   0.0 |       0 |       6 |   0.0 |   217
               +---------+---------+-------+---------+---------+-------+---------
           D:1 |       0 |      11 |   0.0 |       0 |       6 |   0.0 |   217
               +---------+---------+-------+---------+---------+-------+---------

Table legend:
 A = Turns spent in this place as a percentage of turns spent in the entire game.
 B = Non-inter-level travel turns spent in this place as a percentage of non-inter-level travel turns spent in the entire game.
 C = Inter-level travel turns spent in this place as a percentage of turns spent in this place.
 D = Turns resting spent in this place as a percentage of non-inter-level travel turns spent in this place.
 E = Turns spent auto-exploring this place as a percentage of non-inter-level travel turns spent in this place.
 F = Non-inter-level travel turns spent in this place divided by the number of levels of this place that you've seen.
                   A       B       C       D       E      F
               +-------+-------+-------+-------+-------+----------------------
         Total | 100.0 | 100.0 |   0.0 |   0.0 |   0.0 | 217.0
       Dungeon | 100.0 | 100.0 |   0.0 |   0.0 |   0.0 | 217.0
               +-------+-------+-------+-------+-------+----------------------

Table legend:
 A = Kills in this place as a percentage of kills in entire the game.
 B = Kills by you in this place as a percentage of kills by you in the entire game.
 C = Kills by friends in this place as a percentage of kills by friends in the entire game.
 D = Other kills in this place as a percentage of other kills in the entire game.
 E = Experience gained in this place as a percentage of experience gained in the entire game.
 F = Experience gained in this place divided by the number of levels of this place that you have seen.
                   A       B       C       D       E      F
               +-------+-------+-------+-------+-------+----------------------
         Total | 100.0 | 100.0 |   N/A |   N/A | 100.0 |  11.0
       Dungeon | 100.0 | 100.0 |   N/A |   N/A | 100.0 |  11.0
               +-------+-------+-------+-------+-------+----------------------

Vault maps used:
D:1:      roderic_crop_circles_arrival_large, tso_metal_star
